[Event "Charlotte Spring GM-A 2024"]
[Site "Charlotte"]
[Date "2024.03.31"]
[Round "7.1"]
[White "Putnam, Liam"]
[Black "Wang, Tianqi"]
[Result "1/2-1/2"]
[ECO "D30"]
[WhiteElo "2323"]
[BlackElo "2344"]
[Annotator "RC"]
[PlyCount "89"]
[EventDate "2024.03.27"]
[EventType "tourn"]
[EventCountry "USA"]
[SourceTitle "playchess.com"]
[Source "ChessBase"]
[SourceQuality "1"]
[TimeControl "5400+30"]

1. d4 d5 2. c4 e6 3. Nf3 c6 4. Qc2 Nf6 5. g3 dxc4 6. Qxc4 b5 7. Qc2 Bb7 8. Bg2 Nbd7 9. a4 a6 10. Ne5 Nxe5 11. dxe5 Nd5 12. O-O Be7 13. Nc3 Qb8 14. axb5 axb5 15. Rxa8 Bxa8 16. Nxd5 cxd5 17. Be3 O-O 18. Bd4 Rc8 19. Qd2 Bc6 20. Ra1 b4 21. b3 Bb5 22. Bf3 Bf8 23. Kg2 g6 24. h4 h6 25. Bg4 Rc6 26. h5 g5 27. f4 gxf4 28. gxf4 Qc8 29. Rf1 Rc2 30. Qe3 Bc5 31. Rf2 Rc3 32. Qd2 Bxd4 33. Qxd4 Rxb3 34. f5 Bd7 35. Qf4 Qc4 36. fxe6 Bxe6 37. Bxe6 Qxf4 38. Rxf4 fxe6 39. Rf6 Re3 40. Rxe6 Rxe2+ 41. Kf3 Re4 42. Rxh6 Rxe5 43. Rb6 Rxh5 44. Rxb4 Kf7 45. Rb6 1/2-1/2

[Event "Charlotte Spring GM-A 2024"]
[Site "Charlotte"]
[Date "2024.03.31"]
[Round "7.2"]
[White "Chen, Ryo"]
[Black "Tsay, Vincent"]
[Result "1-0"]
[ECO "C07"]
[WhiteElo "2316"]
[BlackElo "2337"]
[Annotator "RC"]
[PlyCount "61"]
[EventDate "2024.03.27"]
[EventType "tourn"]
[EventCountry "USA"]
[SourceTitle "playchess.com"]
[Source "ChessBase"]
[SourceQuality "1"]
[TimeControl "5400+30"]

1. e4 e6 2. d4 d5 3. Nd2 c5 4. Ngf3 cxd4 5. Nxd4 Nc6 6. Bb5 Bd7 7. Nxc6 bxc6 8. Bd3 Bd6 9. Qe2 Ne7 10. Nf3 Qb8 11. e5 Bc7 12. O-O Ng6 13. Re1 O-O 14. g3 Bb6 15. c4 a5 16. Kg2 a4 17. h4 h6 18. h5 Ne7 19. Bc2 f5 20. exf6 Rxf6 21. Qd3 Nf5 22. Bf4 Qa7 23. Re2 g5 24. hxg6 Be8 25. Rxe6 Rxe6 26. Qxf5 Re2 27. Bxh6 Rxf2+ 28. Kh1 Qe7 29. g7 Bg6 30. Qxg6 Rxc2 31. Ng5 1-0

[Event "Charlotte Spring GM-A 2024"]
[Site "Charlotte"]
[Date "2024.03.31"]
[Round "7.3"]
[White "Ali Marandi, Cemil Can"]
[Black "Gauri, Shankar"]
[Result "1/2-1/2"]
[ECO "C67"]
[WhiteElo "2516"]
[BlackElo "2345"]
[Annotator "TA"]
[PlyCount "47"]
[EventDate "2024.03.27"]
[EventType "tourn"]
[EventCountry "USA"]
[SourceTitle "playchess.com"]
[Source "ChessBase"]
[SourceQuality "1"]
[TimeControl "5400+30"]

1. e4 e5 2. Nf3 Nc6 3. Bb5 Nf6 4. O-O Nxe4 5. d4 Nd6 6. Ba4 (6. Bxc6 $11 dxc6 7. dxe5) 6... exd4 $15 7. c3 Be7 8. cxd4 b5 9. Bb3 O-O 10. Re1 Bb7 11. Nc3 b4 (11... Na5 $11) 12. Nd5 $14 Re8 13. Bf4 {[%emt 0:19:09] And now Rc1 would win.} Na5 14. Rc1 Bxd5 15. Bxd5 c6 16. Bb3 Nxb3 17. Qxb3 a5 18. Re2 Bf8 19. Rxe8 Nxe8 20. Ne5 Qf6 21. Be3 a4 22. Qc4 Qe7 23. Bd2 Nc7 (23... Nf6 $15 24. Nd3 Nd5) 24. Re1 {[%emt 0:04:28] Weighted Error Value: White=0.13 (very precise) /Black=0.11 (very precise) .  Mistake:       	White=1     	Black=2      Inaccurate:     	White=2     	Black=1      OK:         	White=7     	Black=7      Best:        	---       	Black=2} (24. Bxb4 $1 $11 Qxb4 25. Qxf7+ Kh8 26. Qxd7 Qxb2 27. Qxc6) 1/2-1/2

[Event "Charlotte Spring GM-A 2024"]
[Site "Charlotte"]
[Date "2024.03.31"]
[Round "7.4"]
[White "Levine, Joseph"]
[Black "Cruz, Cristhian"]
[Result "0-1"]
[ECO "A08"]
[WhiteElo "2372"]
[BlackElo "2487"]
[Annotator "TA"]
[PlyCount "54"]
[EventDate "2024.03.27"]
[EventType "tourn"]
[EventCountry "USA"]
[SourceTitle "playchess.com"]
[Source "ChessBase"]
[SourceQuality "1"]
[TimeControl "5400+30"]

1. e4 e6 2. d3 d5 3. Nd2 c5 4. Ngf3 Nc6 5. g3 Bd6 6. Bg2 Nge7 7. O-O O-O 8. Re1 b6 9. h4 (9. a3 $11) 9... h6 10. h5 (10. c3 $11) 10... f5 ({Black should try} 10... Bc7 $15) 11. exd5 ({Better is} 11. Nf1 $11) 11... exd5 $15 {[%emt 0:02:02] [#] Threatens to win with ...f4.} 12. c4 $1 f4 13. cxd5 Nb4 14. Qb3 (14. Ne4 $15 fxg3 (14... Nbxd5 15. Qb3 $15) (14... Nexd5 15. a3 $16) 15. fxg3) 14... fxg3 (14... Nbxd5 15. Nh4 Bb7 16. g4 $15) 15. fxg3 {[%emt 0:00:33] [#]} Bb7 $1 (15... Nbxd5 16. Nh4 Bb7 (16... Bxg3 17. Rxe7 Bf2+ 18. Kh1 $11) 17. d4 $11) (15... Bxg3 16. d6+ Ned5 17. Re4 $15) (15... Nexd5 16. Ne4 a5 17. Nxd6 Qxd6 18. Bf4 $15) 16. Ne5 (16. Ne4 $17 {is the only way for White.}) 16... Nf5 (16... Nbxd5 17. Ndc4 $15) 17. Ndc4 Nd4 (17... Bxd5 18. Bxd5+ Nxd5 19. Nc6 $19) (17... Nxd5 18. Na5 c4 (18... bxa5 19. Qxb7 Nf6 20. Qxa8 $18) (18... Bxe5 $2 19. Nxb7 Bd4+ 20. Kh2 $18) 19. Qxc4 bxa5 20. Bxd5+ Bxd5 21. Qxd5+ Kh7 22. Bf4 $14) (17... Nxg3 $2 18. Nxd6 Qxd6 19. d4 $17) 18. Qd1 Bxd5 {[%emt 0:03:54] ...Bxe5 is the strong threat.} ({Don't play} 18... Nxd5 19. Qg4 Bxe5 20. Rxe5 $19) 19. Bf4 Bxg2 20. Kxg2 Nbc2 21. Qg4 Nxa1 {[%emt 0:01:50] Black is clearly winning.} (21... Nxe1+ 22. Rxe1 Bxe5 23. Nxe5 $19) 22. Nc6 (22. Rxa1 $142 Bxe5 23. Bxe5 Qd5+ 24. Qe4) 22... Nxc6 $19 23. Nxd6 Nc2 24. Re6 Qd7 {[%emt 0:03:33][%cal Of8f4] Strongly threatening ...Rxf4!} 25. Bxh6 N6d4 ({Not} 25... Rf6 26. Re8+ Rxe8 27. Qxd7 $11) 26. Rg6 Qxg4 27. Rxg4 Kh7 {[%emt 0:00:23] White did not feel at home in the position after the opening.   Weighted Error Value: White=0.88/Black=0.18 (very precise) .  Mistake:       	White=5     	Black=1      Inaccurate:     	White=1     	Black=1      OK:         	---       	Black=7      Best:        	White=2     	---        Strong:       	White=1     	---} 0-1

[Event "Charlotte Spring GM-A 2024"]
[Site "Charlotte"]
[Date "2024.03.31"]
[Round "7.5"]
[White "Homa, Seth"]
[Black "Cordova, Emilio"]
[Result "0-1"]
[ECO "A17"]
[WhiteElo "2234"]
[BlackElo "2551"]
[Annotator "TA"]
[PlyCount "64"]
[EventDate "2024.03.27"]
[EventType "tourn"]
[EventCountry "USA"]
[SourceTitle "playchess.com"]
[Source "ChessBase"]
[SourceQuality "1"]
[TimeControl "5400+30"]

1. c4 b6 2. Nc3 c5 3. e4 e6 4. g3 Bb7 5. Bg2 a6 6. d3 Nf6 7. Nf3 d6 8. O-O Be7 9. b3 O-O 10. Bb2 Nc6 11. Ne1 Nd7 12. Nc2 Bf6 13. Rb1 {[%emt 0:05:56] The position is equal.} h6 14. f4 b5 15. Kh1 bxc4 16. dxc4 Qc7 17. g4 Rad8 18. Qe1 Nb4 19. Qd2 Nxc2 20. Qxc2 Bd4 21. Rbe1 Rfe8 22. Ne2 (22. g5 $11) 22... e5 {[%emt 0:02:24] Black is more active.} (22... Bxb2 $15 23. Qxb2 d5 (23... Nf6 24. Ng3 $11) 24. cxd5 exd5) 23. Bxd4 (23. g5 $11) 23... cxd4 $17 24. Ng3 exf4 25. Rxf4 {[%emt 0:01:23] [#] White does not recover from this.} ({White should play} 25. Nf5 $15) 25... d5 $1 $19 26. Ref1 d3 27. Qf2 {[%emt 0:17:03] [#]} (27. Qxd3 Ne5 28. Qc3 dxc4 29. bxc4) 27... dxe4 $1 ({Not} 27... dxc4 28. Rxf7 Qc5 (28... c3 29. g5 $17) 29. bxc4 Qxf2 (29... Qxc4 $2 30. Qb2 $18) 30. R7xf2 $19) 28. Rxf7 $2 (28. Nxe4 d2 29. Nxd2 (29. Qxd2 $2 {perishes.} Nc5 $19)) 28... e3 {[%emt 0:00:30] Black is clearly winning.} 29. Qf5 Bxg2+ 30. Kxg2 Qc6+ 31. Kh3 e2 32. Rf4 e1=Q {[%emt 0:01:34] Weighted Error Value: White=1.45/Black=0.19 (very precise) .  Mistake:       	White=5     	Black=1      Inaccurate:     	---       	Black=2      OK:         	White=2     	Black=4      Best:        	---       	Black=1      Strong:       	---       	Black=1      Brilliant:      	---       	Black=1} 0-1

[Event "Charlotte Spring GM-A 2024"]
[Site "Charlotte"]
[Date "2024.03.31"]
[Round "8.1"]
[White "Wang, Tianqi"]
[Black "Cordova, Emilio"]
[Result "1/2-1/2"]
[ECO "B22"]
[WhiteElo "2344"]
[BlackElo "2551"]
[Annotator "TA"]
[PlyCount "150"]
[EventDate "2024.03.27"]
[EventType "tourn"]
[EventCountry "USA"]
[SourceTitle "playchess.com"]
[Source "ChessBase"]
[SourceQuality "1"]
[TimeControl "5400+30"]

1. e4 c5 2. Nf3 a6 3. c3 e6 4. d4 d5 5. exd5 exd5 6. Bd3 Nc6 {[%emt 0:01:18] B22: Sicilian: 2 c3.} 7. O-O c4 8. Re1+ Be7 9. Bc2 Nf6 10. Nbd2 $146 ({Predecessor:} 10. b3 cxb3 11. axb3 O-O 12. Qd3 Ne4 13. Ba3 Bxa3 14. Rxa3 Bf5 15. Qd1 Rc8 16. Bd3 {0-1 Karalkin,M (2141)-Pridorozhni,A (2599) RUS-ch blitz 2019 (1)}) 10... O-O 11. Nf1 Bd6 12. Bg5 h6 13. Bh4 Bg4 14. Ne3 Be6 15. Nf5 Bxf5 16. Bxf5 g5 17. Bg3 Bxg3 18. hxg3 Ne8 19. Nh2 Ng7 20. Qf3 Ne7 21. g4 Qd6 22. Nf1 Rad8 23. Ne3 Qf4 24. Qh3 Nexf5 25. gxf5 h5 26. g3 Qf3 27. Qg2 Qxg2+ 28. Kxg2 f6 29. b3 b5 30. a4 Rfe8 31. axb5 axb5 32. bxc4 bxc4 33. Reb1 Rxe3 34. fxe3 Nxf5 35. Ra7 (35. Rb5 $16 {And now e4 would win.} Re8 36. e4 Rxe4 (36... Ne3+ $2 37. Kf3 $18) 37. Rxd5 Ne3+ 38. Kf3) 35... Nxe3+ $2 (35... g4 $1 $14) 36. Kf3 $18 Nf5 $2 (36... Ng4 {was called for.} 37. Rbb7 Nh2+ 38. Ke2 (38. Kg2 Ng4 $18) 38... Re8+ 39. Re7 Rc8 40. Rg7+ Kh8) 37. g4 $18 Nh4+ 38. Kg3 Re8 39. Rbb7 Re3+ 40. Kf2 Re8 41. Rg7+ Kh8 42. Rh7+ Kg8 43. Rag7+ Kf8 44. gxh5 Nf5 45. Rg6 Re4 46. Rxf6+ Kg8 47. Rxf5 Kxh7 48. Rxg5 ({Not} 48. Rxd5 Kh6 $16) 48... Rh4 49. Kg3 ({Less strong is} 49. Rxd5 Rh3 $16) 49... Rh1 50. Rxd5 Rc1 51. Rc5 Rxc3+ 52. Kf4 Rh3 53. Rxc4 Rxh5 54. Rc5 Rh4+ 55. Ke3 $2 ({White has to play} 55. Ke5 $18 Kg7 56. d5) 55... Kg6 $1 $11 56. Re5 Kf6 57. Kd3 Rh8 58. Re4 Rd8 59. Re1 Kf5 60. Re5+ Kf6 61. Kc4 Rc8+ 62. Rc5 Rd8 63. Rc6+ Ke7 64. Kc5 Ra8 65. Rc7+ Kd8 66. Rh7 Ra5+ 67. Kc6 Ra6+ 68. Kb5 Ra1 69. d5 Rc1 70. Kb6 Rc2 71. Rh6 Kd7 72. Rc6 Rb2+ 73. Kc5 Rc2+ 74. Kd4 Rxc6 75. dxc6+ Kxc6 1/2-1/2

[Event "Charlotte Spring GM-A 2024"]
[Site "Charlotte"]
[Date "2024.03.31"]
[Round "8.2"]
[White "Cruz, Cristhian"]
[Black "Homa, Seth"]
[Result "1-0"]
[ECO "A34"]
[WhiteElo "2487"]
[BlackElo "2234"]
[Annotator "TA"]
[PlyCount "51"]
[EventDate "2024.03.27"]
[EventType "tourn"]
[EventCountry "USA"]
[SourceTitle "playchess.com"]
[Source "ChessBase"]
[SourceQuality "1"]
[TimeControl "5400+30"]

1. c4 c5 2. Nc3 Nf6 3. g3 d5 4. cxd5 Nxd5 5. Bg2 Nc7 6. e3 e5 7. Nge2 Nc6 8. O-O Be7 {[%emt 0:00:11] White has an edge.} 9. f4 O-O 10. fxe5 Nxe5 11. Nf4 Bg4 12. Qc2 Rb8 13. b3 Re8 14. Bb2 Bf8 15. h3 Bd7 16. Rad1 c4 17. bxc4 {[%emt 0:12:03] White is more active.} ({White should play} 17. d4 $14 cxd3 18. Nxd3 Nxd3 19. Rxd3) 17... Nxc4 $11 18. Ba1 {[%emt 0:00:07] Threatening Ne4.} b5 19. Ne4 {[%emt 0:07:54][%cal Bc3e4,Be4f2,Bf2g4,Bg4f6][%mdl 32] Threatens to win with Nh5.} f5 20. Nf2 Qg5 {[%emt 0:13:37] [#]} (20... Bd6 $11 {keeps the balance.}) 21. d3 $1 $16 Nxe3 22. Qxc7 Qxg3 23. Qxd7 Qxf4 $2 {[%emt 0:00:21] [#]} (23... Rbd8 24. Qxb5 (24. Qxa7 Qxf4 $11) (24. Nh1 Qg5 $16) 24... Qxf4) 24. Ng4 $1 $18 {[%emt 0:01:12][%mdl 512] Hoping for Nf6+.} Nxf1 (24... Qg3 25. Nxe3) 25. Rxf1 Rbd8 (25... Qg5 $142) 26. Nf6+ {[%emt 0:00:47] Weighted Error Value: White=0.09 (flawless) /Black=0.35.  Mistake:       	White=1     	Black=3      Inaccurate:     	---       	Black=2      OK:         	White=6     	Black=8      Best:        	White=1     	---        Strong:       	White=1     	---        Brilliant:      	White=1     	---} ({Not} 26. Qxb5 Qg5 $16) 1-0

[Event "Charlotte Spring GM-A 2024"]
[Site "Charlotte"]
[Date "2024.03.31"]
[Round "8.3"]
[White "Gauri, Shankar"]
[Black "Levine, Joseph"]
[Result "0-1"]
[ECO "E04"]
[WhiteElo "2345"]
[BlackElo "2372"]
[Annotator "RC"]
[PlyCount "112"]
[EventDate "2024.03.27"]
[EventType "tourn"]
[EventCountry "USA"]
[SourceTitle "playchess.com"]
[Source "ChessBase"]
[SourceQuality "1"]
[TimeControl "5400+30"]

1. d4 Nf6 2. c4 e6 3. Nf3 d5 4. g3 dxc4 5. Bg2 a6 6. O-O Nc6 7. Bg5 Be7 8. e3 Bd7 9. Nbd2 b5 10. b3 cxb3 11. Nxb3 O-O 12. Qe2 h6 13. Bxf6 Bxf6 14. Rac1 Ra7 15. Rfd1 Qe7 16. Nfd2 Nb8 17. Na5 e5 18. d5 Qa3 19. Ndb3 Be7 20. Qc2 Bb4 21. Nc6 Nxc6 22. dxc6 Bg4 23. Rd3 Bf5 24. e4 Be6 25. Rcd1 Bd6 26. R1d2 Bc4 27. Rf3 Qa4 28. Bf1 Be6 29. Nc5 Qxc2 30. Rxc2 Bxa2 31. Nd7 Bb1 32. Rc1 Bxe4 33. Re3 Bd5 34. Nxf8 Kxf8 35. Rd3 Be6 36. Rdd1 b4 37. Bc4 Bxc4 38. Rxc4 Ke7 39. f4 f6 40. fxe5 fxe5 41. Rg4 Kf7 42. Rc4 Ke6 43. Rg4 g5 44. h4 Kf5 45. Rc4 Ra8 46. hxg5 hxg5 47. Ra1 a5 48. Ra4 Ke6 49. Rc1 Kd5 50. Rca1 Kxc6 51. Rxa5 Rxa5 52. Rxa5 b3 53. Ra1 Kb5 54. Kf2 Kc4 55. Ke3 b2 56. Rb1 Kc3 0-1

[Event "Charlotte Spring GM-A 2024"]
[Site "Charlotte"]
[Date "2024.03.31"]
[Round "8.4"]
[White "Tsay, Vincent"]
[Black "Ali Marandi, Cemil Can"]
[Result "0-1"]
[ECO "E05"]
[WhiteElo "2337"]
[BlackElo "2516"]
[Annotator "TA"]
[PlyCount "104"]
[EventDate "2024.03.27"]
[EventType "tourn"]
[EventCountry "USA"]
[SourceTitle "playchess.com"]
[Source "ChessBase"]
[SourceQuality "1"]
[TimeControl "5400+30"]

1. d4 d5 2. c4 e6 3. Nf3 Nf6 4. g3 Be7 5. Bg2 O-O 6. O-O dxc4 7. Qc2 b5 8. a4 {[%emt 0:00:11] E05: Open Catalan: 5 Nf3 Be7.} b4 9. Qxc4 (9. Nfd2 {might be stronger.} c6 10. Nxc4 (10. Qxc4 Ba6 $15)) 9... Ba6 $11 10. Qc2 Nbd7 11. Bg5 (11. Ne5 $11 {remains equal.} Nxe5 12. dxe5) 11... c5 12. Ne5 cxd4 $146 ({Predecessor:} 12... Nxe5 13. Bxf6 Bxf6 14. dxe5 Bxe5 15. Bxa8 Qxa8 16. Nd2 c4 17. Rac1 Rc8 18. Rfd1 h5 {0-1 Grabarczyk,M (2445)-Vysochin,S (2550) Wroclaw Anderssen Memorial op 21st rapid 2012 (9)}) 13. Nxd7 $2 (13. Nc6 $1 $15 Rc8 14. Qd1) 13... Qxd7 14. Bxa8 Rxa8 15. Rc1 $2 (15. Bxf6 $17 Bxf6 (15... Rc8 16. Qb3 $15) 16. Rc1) 15... h6 $2 (15... Rc8 $19 {and Black stays clearly on top.} 16. Qd1 Rxc1 17. Bxc1 Qd5) 16. Bxf6 $17 Bxf6 17. Nd2 Rd8 (17... Bxe2 $6 18. Qe4 Rb8 19. Qxe2 $14) (17... d3 $15 18. exd3 Bxd3) 18. Ne4 $1 $11 Be7 19. Re1 $2 (19. f3 $1 $11) 19... Qd5 $1 $19 20. f3 b3 (20... Rc8 $19 21. Qd1 b3 (21... d3 $2 22. exd3 Qd4+ 23. Kh1 $17)) 21. Qd2 $2 (21. Qc7 $17 {only move.} Rd7 22. Qb8+ Kh7 23. Rad1) 21... f5 $19 22. Nf2 Bg5 23. f4 Bf6 24. e4 dxe3 (24... fxe4 $19 {is more deadly. aiming for ...e3.} 25. Rxe4 Rc8) 25. Qxe3 $17 Bb7 (25... Bxb2 26. Rad1 Bd4 27. Rxd4 (27. Qxe6+ $2 Qxe6 28. Rxe6 Bxf2+ 29. Kxf2 Rxd1 $19) 27... Qxd4 28. Qxe6+ Kh7 29. Qxa6 $17) ({Black should try} 25... Bc4 $1 26. Rad1 Bd4 27. Rxd4 Qxd4 28. Qxd4 Rxd4) 26. Qxe6+ $17 Qxe6 27. Rxe6 Bxb2 28. Rb1 Rd2 (28... Bd4 $17 {...b2 is the strong threat.} 29. Rxb3 Bd5) 29. Re3 $2 {[%emt 0:00:59] [#]} (29. Re8+ $1 $11 {and White stays safe.} Kh7 30. Rb8) 29... Bd4 (29... Ba6 $1 $19 {Hoping for ...Bc4.} 30. Rd1 (30. Rxb3 $2 Bd4 $19) 30... Rxd1+ 31. Nxd1 Bd4) 30. Rbxb3 $17 Bxe3 31. Rxe3 Ra2 32. Nd3 Rxa4 33. Re7 Bd5 34. Ne5 Ra2 35. Kf1 (35. h4 $1 $15) 35... a5 $1 $19 ({Don't do} 35... Rxh2 36. Rd7 Be4 37. Rxa7 $11) 36. h4 a4 37. g4 $2 (37. h5 {nothing else works.}) 37... fxg4 $19 38. Rd7 Rd2 39. Ke1 g3 ({Less strong is} 39... Rd4 40. Rd8+ Kh7 41. h5 $17) 40. Kxd2 g2 41. h5 g1=Q (41... g1=R $2 {perishes.} 42. Rxd5 Rh1 43. Nc4 $18) 42. Rd8+ Kh7 43. Ng6 Qd4+ 44. Ke1 Qe3+ 45. Kf1 Qf3+ 46. Ke1 Qxh5 47. f5 Qxf5 48. Nf8+ Kg8 49. Nd7+ {[%emt 0:00:20] [#]} Kf7 $1 50. Rf8+ Kg6 51. Rxf5 Kxf5 52. Nb6 Bb3 0-1

[Event "Charlotte Spring GM-A 2024"]
[Site "Charlotte"]
[Date "2024.03.31"]
[Round "8.5"]
[White "Putnam, Liam"]
[Black "Chen, Ryo"]
[Result "1/2-1/2"]
[ECO "B06"]
[WhiteElo "2323"]
[BlackElo "2316"]
[Annotator "RC"]
[PlyCount "176"]
[EventDate "2024.03.27"]
[EventType "tourn"]
[EventCountry "USA"]
[SourceTitle "playchess.com"]
[Source "ChessBase"]
[SourceQuality "1"]
[TimeControl "5400+30"]

1. e4 c5 2. c3 d5 3. exd5 Qxd5 4. d4 g6 5. Nf3 Bg7 6. Nbd2 cxd4 7. Bc4 Qd8 8. Nxd4 Nf6 9. O-O O-O 10. N2f3 a6 11. Qe2 Qc7 12. Re1 Nfd7 13. Ng5 Ne5 14. Bb3 Nbc6 15. Bf4 Qb6 16. Kh1 h6 17. Bxe5 Nxe5 18. f4 Qf6 19. Nge6 Bxe6 20. fxe5 Qh4 21. Bxe6 fxe6 22. g3 Qh3 23. Qg2 Qxg2+ 24. Kxg2 Rad8 25. Re2 Rd5 26. Rae1 g5 27. Nxe6 Rf5 28. g4 Rf7 29. Nd4 b5 30. Nc6 e6 31. Nb4 Rd8 32. Nxa6 Bf8 33. a3 Ra8 34. Nb4 Bxb4 35. axb4 Rd8 36. Ra1 Rf4 37. h3 Rd3 38. Ra8+ Kg7 39. Ra7+ Kg8 40. Rf2 Re4 41. Ra8+ Kg7 42. Ra7+ Kg8 43. Rc7 Rxe5 44. Rc8+ Kg7 45. Rc7+ Kg8 46. Rc5 Rdd5 47. Rxd5 Rxd5 48. Rf6 Rd2+ 49. Kf3 Rxb2 50. Rxe6 Kg7 51. Re5 Rh2 52. Kg3 Rc2 53. Rc5 Rd2 54. Rf5 Rd3+ 55. Rf3 Rd2 56. h4 gxh4+ 57. Kxh4 Kg6 58. Kg3 Rd8 59. Kf4 Rc8 60. Rd3 Rc4+ 61. Kf3 Kg7 62. Kg3 Kg6 63. Kh4 Rc6 64. Re3 Rc4 65. Kg3 Rc6 66. Kf3 Rc4 67. Rd3 Kf6 68. Kg3 Kg6 69. Rd5 Rxc3+ 70. Kh4 Rb3 71. Rxb5 Kh7 72. Rb7+ Kg6 73. b5 Rb4 74. Rb6+ Kg7 75. Kh5 Rb1 76. Rb7+ Kf6 77. Kh4 Rb3 78. b6 Kg6 79. Rb8 Kg7 80. g5 hxg5+ 81. Kxg5 Rb5+ 82. Kf4 Kf6 83. Rh8 Rb4+ 84. Ke3 Ke5 85. Rh6 Kd5 86. Kd3 Kc5 87. Kc3 Rxb6 88. Rxb6 Kxb6 1/2-1/2

[Event "Charlotte Spring GM-A 2024"]
[Site "Charlotte"]
[Date "2024.03.31"]
[Round "9.1"]
[White "Chen, Ryo"]
[Black "Wang, Tianqi"]
[Result "1/2-1/2"]
[ECO "B36"]
[WhiteElo "2316"]
[BlackElo "2344"]
[Annotator "RC"]
[PlyCount "61"]
[EventDate "2024.03.27"]
[EventType "tourn"]
[EventCountry "USA"]
[SourceTitle "playchess.com"]
[Source "ChessBase"]
[SourceQuality "1"]
[TimeControl "5400+30"]

1. e4 c5 2. Nf3 Nc6 3. d4 cxd4 4. Nxd4 g6 5. c4 Nf6 6. Nc3 d6 7. Be2 Nxd4 8. Qxd4 Bg7 9. Be3 O-O 10. Qd2 a5 11. O-O a4 12. Bd4 Bd7 13. Rfe1 Bc6 14. Rad1 Qa5 15. Bf1 Nd7 16. Bxg7 Kxg7 17. f4 e5 18. f5 Nf6 19. Bd3 h6 20. Re3 g5 21. Rg3 Qb6+ 22. Kh1 Kh7 23. Bc2 Rad8 24. Re1 Qd4 25. Qe2 Qa7 26. Rd1 Qa5 27. a3 Rd7 28. Qe1 Ra8 29. Qe2 Qb6 30. Rgd3 Kg7 31. Rh3 1/2-1/2

[Event "Charlotte Spring GM-A 2024"]
[Site "Charlotte"]
[Date "2024.03.31"]
[Round "9.2"]
[White "Ali Marandi, Cemil Can"]
[Black "Putnam, Liam"]
[Result "1/2-1/2"]
[ECO "D02"]
[WhiteElo "2516"]
[BlackElo "2323"]
[Annotator "TA"]
[PlyCount "56"]
[EventDate "2024.03.27"]
[EventType "tourn"]
[EventCountry "USA"]
[SourceTitle "playchess.com"]
[Source "ChessBase"]
[SourceQuality "1"]
[TimeControl "5400+30"]

1. d4 Nf6 2. Nf3 d5 3. c3 g6 4. Bf4 Bg7 5. h3 O-O 6. e3 c5 7. Nbd2 b6 {[%emt 0:04:47] The position is equal.} 8. Bh2 Bb7 9. Bd3 Nc6 10. O-O Nd7 11. Qe2 e5 12. dxe5 Ndxe5 13. Nxe5 Nxe5 14. Ba6 Qc8 15. Bxb7 Qxb7 16. Bxe5 Bxe5 17. Rad1 Rad8 18. Nf3 Bf6 19. Rd2 Rd7 20. Rfd1 Rfd8 21. Ne1 d4 22. exd4 cxd4 23. Qf3 dxc3 24. Rxd7 Rxd7 25. Rxd7 (25. bxc3 $2 {loses.} Qxf3 26. Rxd7 Qxc3 $19) 25... Qxd7 26. Qxf6 c2 27. Nxc2 Qd1+ 28. Kh2 Qxc2 {[%emt 0:52:21] An uneventful encounter.   Weighted Error Value: White=0.03 (flawless) /Black=0.02 (flawless) .  OK:         	White=11    	Black=5      Best:        	White=1     	Black=3} 1/2-1/2

[Event "Charlotte Spring GM-A 2024"]
[Site "Charlotte"]
[Date "2024.03.31"]
[Round "9.3"]
[White "Levine, Joseph"]
[Black "Tsay, Vincent"]
[Result "1/2-1/2"]
[ECO "B45"]
[WhiteElo "2372"]
[BlackElo "2337"]
[Annotator "RC"]
[PlyCount "44"]
[EventDate "2024.03.27"]
[EventType "tourn"]
[EventCountry "USA"]
[SourceTitle "playchess.com"]
[Source "ChessBase"]
[SourceQuality "1"]
[TimeControl "5400+30"]

1. e4 c5 2. Nf3 e6 3. d4 cxd4 4. Nxd4 Nf6 5. Nc3 Nc6 6. Nxc6 bxc6 7. e5 Nd5 8. Ne4 Bb7 9. Be2 c5 10. O-O Qc7 11. Nd6+ Bxd6 12. exd6 Qc6 13. f3 Qb6 14. c4 Nb4 15. Be3 a5 16. f4 Be4 17. Bf3 Bxf3 18. Rxf3 Nc6 19. Qb3 Qb4 20. Qxb4 cxb4 21. Bb6 f5 22. Re1 Kf7 1/2-1/2